AoeStats
← Dr. Hawamagun Amis-Yu

African Clearing

510576074Analyzed
3v3 RM · 16h ago on Oct 1, 2026· 77m 5s· 6 players
Game mode
Random Map
Map size
Normal (6 player)
Population
200
Speed
Normal
Resources
Standard
Victory
Conquest
Starting age
Dark Age
Ending age
Imperial Age
RankedLock teamsTeams togetherTeam positionsShared explorationLock speedFull tech treeHidden civsTurbo modeCheats
Victory
Defeat
🇹🇷 Chinese · Türkiye
1097
+9
🇹🇷 Franks · Türkiye
856
+18
🇩🇪 Aztecs · Germany
731
+22
🇩🇰 Varangians · Denmark
998
-20
🇬🇷 Mapuche · Greece
923
-17
🇩🇰 Vietnamese · Denmark
802
-22
Hüso
18:51 Feudal Age
24:10 Castle Age
32:45 Double-Bit Axe
35:33 Gold Mining
36:37 Scale Barding Armor
38:47 Bow Saw
38:50 Husbandry
42:11 Gold Shaft Mining
44:23 Wheelbarrow
44:39 Chain Barding Armor
44:19 Scale Mail Armor
45:11 Elite Skirmisher
47:45 Padded Archer Armor
47:36 Fletching
50:52 Imperial Age
49:43 Leather Archer Armor
49:23 Bodkin Arrow
56:39 Chemistry
55:59 Ballistics
55:24 Cavalier
57:45 Plate Barding Armor
57:25 Chain Mail Armor
58:12 Paladin
62:02 Plate Mail Armor
61:52 Forging
61:58 Stone Mining
63:00 Capped Ram
75:59 Iron Casting
Goeki
3:05 Loom
19:34 Feudal Age
23:50 Double-Bit Axe
26:07 Wheelbarrow
25:18 Town Watch
28:02 Horse Collar
28:57 Forging
28:52 Scale Mail Armor
28:58 Arson
34:24 Castle Age
35:37 Bow Saw
36:05 Iron Casting
35:46 Chain Mail Armor
39:30 Hand Cart
46:50 Hand Cart
49:47 Atlatl
50:47 Treadmill Crane
51:28 Ballistics
51:05 Gambesons
55:17 Eagle Warrior
64:55 Murder Holes
68:58 Town Patrol
69:50 Caravan
70:20 Coinage
75:08 Imperial Age
73:10 Fletching
74:03 Bodkin Arrow
74:07 Elite Skirmisher
75:12 Elite Jaguar Warrior
76:25 Garland Wars
76:26 Conscription
77:27 Blast Furnace
76:28 Bracer
78:02 Chemistry
77:09 Siege Engineers
77:42 Plate Mail Armor
owinso
3:35 Loom
15:43 Feudal Age
17:03 Wheelbarrow
20:14 Castle Age
20:10 Town Watch
20:44 Scale Barding Armor
20:50 Forging
22:31 Double-Bit Axe
22:26 Horse Collar
24:30 Husbandry
26:15 Bloodlines
31:08 Hand Cart
31:04 Bow Saw
34:56 Heavy Plow
39:56 Imperial Age
37:19 Gold Mining
37:20 Stone Mining
37:27 Fletching
38:28 Chain Barding Armor
38:44 Iron Casting
38:24 Squires
38:10 Arson
38:35 Fletching
38:46 Padded Archer Armor
39:47 Ballistics
39:23 Murder Holes
39:39 Masonry
39:33 Town Patrol
38:58 Light Cavalry
40:33 Gold Shaft Mining
42:08 Blast Furnace
41:04 Bodkin Arrow
40:57 Pikeman
42:37 Thumb Ring
41:53 Crossbowman
41:54 Elite Skirmisher
41:56 Halberdier
43:16 Conscription
43:03 Great Wall
43:51 Arbalester
44:48 Leather Archer Armor
44:33 Bracer
45:36 Chemistry
46:05 Cavalier
47:17 Ring Archer Armor
53:46 Two-Man Saw
53:23 Stone Shaft Mining
53:10 Rocketry
52:20 Sappers
52:11 Elite Chu Ko Nu
59:46 Plate Barding Armor
61:11 Architecture
60:52 Fortified Wall
60:33 Heated Shot
61:04 Bombard Tower
60:35 Guard Tower
63:12 Scale Mail Armor
62:37 Elite Fire Lancer
62:38 Man-at-Arms
63:26 Siphons
63:42 Shipwright
63:32 Clinker Construction
63:33 Careening
63:09 Arrowslits
64:47 Long Swordsman
66:13 Keep
65:53 Fervor
65:44 Atonement
66:00 Block Printing
66:10 Illumination
65:45 Devotion
66:06 Sanctity
66:21 Theocracy
65:42 Herbal Medicine
70:06 Two-Handed Swordsman
71:10 Dry Dock
71:12 Faith
71:14 Chain Mail Armor
73:08 Champion
74:20 Plate Mail Armor
WinterFox
14:14 Feudal Age
12:45 Loom
14:48 Double-Bit Axe
14:46 Horse Collar
24:17 Castle Age
23:26 Forging
23:16 Scale Mail Armor
23:04 Town Watch
24:51 Scale Mail Armor
27:14 Husbandry
27:26 Bloodlines
30:17 Gold Mining
30:18 Stone Mining
30:40 Bow Saw
31:28 Arson
31:44 Squires
31:04 Pikeman
31:05 Man-at-Arms
33:53 Heavy Plow
34:18 Pikeman
34:58 Squires
37:43 Bloodlines
37:36 Long Swordsman
41:47 Wheelbarrow
42:59 Fletching
43:11 Padded Archer Armor
44:53 Chatras
47:00 Hand Cart
46:47 Town Patrol
49:20 Imperial Age
46:39 Light Cavalry
46:41 Crossbowman
46:42 Elite Skirmisher
48:51 Stone Shaft Mining
51:08 Two-Man Saw
50:42 Crop Rotation
49:38 Imperial Skirmisher
49:48 Halberdier
49:51 Two-Handed Swordsman
51:17 Paper Money
52:02 Hoardings
52:32 Town Patrol
51:54 Cavalier
57:51 Elite Rattan Archer
59:55 Thumb Ring
69:38 Elite Battle Elephant
UncGaming
8:14 Loom
13:32 Feudal Age
13:41 Man-at-Arms
16:00 Scale Mail Armor
16:55 Forging
18:08 Arson
21:56 Double-Bit Axe
27:55 Castle Age
27:01 Horse Collar
28:02 Long Swordsman
28:29 Gambesons
29:17 Heavy Plow
34:25 Chain Mail Armor
35:05 Pikeman
35:47 Squires
36:16 Bow Saw
38:29 Bloodlines
38:19 Husbandry
43:42 Iron Casting
43:57 Wheelbarrow
43:51 Town Watch
49:37 Imperial Age
47:23 Gold Mining
47:23 Stone Mining
49:53 Town Patrol
50:09 Hand Cart
50:56 Elite Varangian Guard
51:07 Capped Ram
53:40 Plate Mail Armor
52:35 Gothikon
57:15 Blast Furnace
56:22 Scale Barding Armor
58:13 Elite Jarl
65:27 Chain Barding Armor
65:21 Cavalier
69:15 Plate Barding Armor
70:04 Pikeman
75:16 Crop Rotation
74:25 Halberdier
Dr. Hawamagun Amis-Yu
10:50 Loom
13:08 Feudal Age
13:18 Champi Runner
14:43 Arson
19:42 Double-Bit Axe
26:55 Castle Age
25:24 Horse Collar
25:35 Gold Mining
26:07 Scale Mail Armor
26:47 Wheelbarrow
25:58 Town Watch
27:48 Fletching
27:59 Padded Archer Armor
33:05 Ballistics
36:23 Heavy Plow
36:35 Bow Saw
39:57 Bodkin Arrow
40:17 Leather Archer Armor
42:38 Imperial Age
43:57 Siege Engineers
44:02 Masonry
45:51 Elite Skirmisher
50:37 Ring Archer Armor
51:20 Chemistry
52:43 Imperial Skirmisher
58:44 Murder Holes
59:36 Elite Kona
61:54 Malon
63:08 Hand Cart
65:10 Town Patrol
65:11 Pikeman
66:15 Chain Mail Armor
68:40 Architecture
68:23 Halberdier
Connection lost

Rejoining the realm…

Still unreachable

The connection could not be restored.

Session expired

The server has moved on; the page needs a fresh start.